 Dungeon Crawl Stone Soup version 0.30-a0-121-gb27577e5d9 (webtiles) character file.

Game seed: 69760926166933643

27 IdlyInterested the Grasshopper (level 2, 0/22 HPs)
             Began as a Demonspawn Wanderer on Sept 14, 2022.
             Slain by a hobgoblin (1 damage)
             ... on level 2 of the Dungeon.
             The game lasted 00:03:18 (1375 turns).

IdlyInterested the Grasshopper (DsWn)               Turns: 1375, Time: 00:03:19

Health: 0/22       AC: 11    Str: 10    XL:     2   Next: 93%
Magic:  3/3        EV:  4    Int: 13    God:
Gold:   96         SH:  0    Dex: 14    Spells: 2/3 levels left

rFire   . . .      SeeInvis .    a - +0 dagger
rCold   . . .      Faith    .    (no shield)
rNeg    . . .      Spirit   .    m - +0 storm dragon scales
rPois   .          Reflect  .    (helmet restricted)
rElec   +          Harm     .    (no cloak)
rCorr   .          Rampage  .    (no gloves)
Will    .....                    f - +0 pair of boots
Stlth   ..........               (no amulet)
HPRegen 0.07/turn                (no ring)
MPRegen 0.08/turn                (no ring)

@: no status effects
A: antennae 1
a: no special abilities


You were on level 2 of the Dungeon.
You visited 1 branch of the dungeon, and saw 2 of its levels.

You collected 96 gold pieces.

Inventory:

Hand Weapons
 a - a +0 dagger (weapon)
Missiles
 b - 3 throwing nets
 j - 9 stones (quivered)
Armour
 e - a +0 leather armour
 f - a +0 pair of boots (worn)
 m - +0 storm dragon scales (worn)
Jewellery
 k - a ring of ice
Scrolls
 h - 2 scrolls of identify
 i - a scroll of fear {unknown}
Potions
 c - 2 potions of curing
 d - a potion of haste
 g - a potion of degeneration {unknown}


   Skills:
 * Level 1.9 Fighting
 * Level 1.4 Throwing
 + Level 2.9 Dodging
 - Level 1.0 Stealth
 - Level 1.0 Spellcasting
 - Level 3.0 Translocations


You had 2 spell levels left.
You knew the following spells:

 Your Spells              Type           Power      Damage    Failure   Level
a - Apportation           Tloc           16%        N/A       100%        1

Your spell library contained the following spells:

 Spells                   Type           Power      Damage    Failure   Level
 Portal Projectile        Hex/Tloc       8%         N/A       100%        3
 Stone Arrow              Conj/Erth      0%         3d7       100%        3
 Animate Armour           Summ/Erth      0%         N/A       100%        4
 Lehudib's Crystal Spear  Conj/Erth      0%         10d2      100%        8


Dungeon Overview and Level Annotations

Branches:
Dungeon (2/15)

Altars:


Innate Abilities, Weirdness & Mutations

You have a pair of small antennae on your head.


Message History

The hobgoblin is severely wounded.
The hobgoblin hits you but does no damage.
You barely miss the hobgoblin.
The hobgoblin is heavily wounded.
The hobgoblin hits you.
You hit the hobgoblin but do no damage.
The hobgoblin is heavily wounded.
The endoplasm hits you but does no damage.
The hobgoblin closely misses you.
You hit the endoplasm but do no damage. The endoplasm freezes you.
You are frozen.
The hobgoblin hits you but does no damage.
You closely miss the hobgoblin.
The hobgoblin is heavily wounded.
The hobgoblin barely misses you. The endoplasm freezes you.
You are frozen.
You hit the endoplasm.
The endoplasm is moderately wounded.
The endoplasm freezes you.
You are frozen.
* * * LOW HITPOINT WARNING * * *
The hobgoblin hits you but does no damage.
You hit the endoplasm.
The endoplasm is heavily wounded.
The endoplasm freezes you.
You are frozen.
* * * LOW HITPOINT WARNING * * *
The hobgoblin hits you but does no damage.
You hit the endoplasm.
You kill the endoplasm!
The hobgoblin barely misses you.
You hit the hobgoblin but do no damage.
The hobgoblin is moderately wounded.
The hobgoblin hits you but does no damage.
You closely miss the hobgoblin.
The hobgoblin is moderately wounded.
The hobgoblin hits you.
You die...

.# ### .# .
#.##.##...
##..g....!.
#####..@.###
#......#...#####
#......#.#......
#....!..........
####...<#.######
#.....###.#
#.##......####
#.###†.......#
..>...........#


You could see a hobgoblin.

Vanquished Creatures
  4 bats
  3 endoplasms
  A giant cockroach (D:1)
  3 goblins (D:1)
  4 hobgoblins
  2 kobolds (D:1)
  2 ball pythons (D:2)
  A frilled lizard (D:1)
  2 rats (D:1)
22 creatures vanquished.

Notes
Turn   | Place    | Note
-------+----------+-------------------------------------------
     0 | D:1      | IdlyInterested the Demonspawn Wanderer began the quest for
                  | the Orb.
     0 | D:1      | IdlyInterested set off with the following items: a +0
                  | dagger, 3 throwing nets, a potion of curing, a potion of
                  | haste, a +0 leather armour; and the following spell
                  | memorised: Apportation; and the following spells available
                  | to memorise: Portal Projectile.
     0 | D:1      | Reached XP level 1. HP: 15/15 MP: 2/2
   426 | D:1      | Gained mutation: You have a pair of small antennae on your
                  | head. [demonic ancestry]
   426 | D:1      | Reached XP level 2. HP: 18/21 MP: 3/3
   538 | D:1      | Reached skill level 3 in Translocations
   933 | D:1      | Found a faded altar of an unknown god.
  1372 | D:2      | HP: 1/22 [frozen (3)]
  1375 | D:2      | Slain by a hobgoblin

Illustrated notes

Levels and vault maps discovered:
D:1:      lightli_arrival_flooded_house, layout_loops_ring,
          basic_ecumenical_altar
D:2:      layout_basic, basic_altar

Skill      XL: |  1  2 |
---------------+-------+-----
Translocations | 3 |  3.0
Fighting       | |  1.9
Throwing       | |  1.4
Dodging        | |  2.9
Stealth        | |  1.0
Spellcasting   | |  1.0

Action                   || total
-------------------------++-------
Melee: Dagger            ||   116
  Use: Scroll            ||     3
 Stab: Sleeping          ||     3
Armor: Leather armour    ||    23
       Storm dragon scal ||    56
Dodge: Dodged            ||    46

Table legend: (Time is in decaauts)
 A = Elapsed time spent in this place.
 B = Non-inter-level travel time spent in this place.
 C = Inter-level travel time spent in this place.
 D = Time resting spent in this place.
 E = Time spent auto-exploring this place.
 F = Levels seen in this place.
 G = Mean time per level.
                   A        B        C        D        E       F      G
               +--------+--------+--------+--------+--------+-----+--------+
         Total |   1376 |   1290 |     86 |    187 |    835 |   2 |  688.0 |
       Dungeon |   1376 |   1290 |     86 |    187 |    835 |   2 |  688.0 |
               +--------+--------+--------+--------+--------+-----+--------+

Top non-repeatable levels by time:
     D:1: 1239 daAuts
     D:2: 136 daAuts
